 Dungeon Crawl Stone Soup version 0.29-a0-303-ge4682ce883 (webtiles) character file.

Game seed: 3596420734547473993

44 kae the Firebug (level 3, 0/20 HPs)
             Began as a Tengu Fire Elementalist on Mar 25, 2022.
             Slain by a hobgoblin (4 damage)
             ... led by Robin
             ... on level 2 of the Dungeon.
             The game lasted 00:01:01 (1501 turns).

kae the Firebug (Tengu Fire Elementalist)           Turns: 1501, Time: 00:01:02

Health: 0/20       AC:  2    Str:  8    XL:     3   Next: 60%
Magic:  7/7        EV: 12    Int: 17    God:
Gold:   79         SH:  4    Dex: 14    Spells: 0/6 levels left

rFire   + . .      SeeInvis .   h - +1 short sword
rCold   . . .      Faith    .   e - +0 buckler
rNeg    . . .      Spirit   .   a - +0 robe
rPois   .          Reflect  .   (helmet restricted)
rElec   .          Harm     .   (no cloak)
rCorr   .          Rampage  .   (no gloves)
Will    .....                   (boots unavailable)
Stlth   ++........              (no amulet)
HPRegen 0.06/turn               g - ring of wizardry
MPRegen 0.10/turn               i - ring of wizardry

@: unable to read
A: beak, talons 3, fire resistance 1, inability to read while threatened
a: no special abilities


You were on level 2 of the Dungeon.
You visited 1 branch of the dungeon, and saw 2 of its levels.

You collected 79 gold pieces.

Inventory:

Hand Weapons
 h - a +1 short sword (weapon)
Armour
 a - a +0 robe (worn)
 e - a +0 buckler (worn)
Jewellery
 g - a ring of wizardry (left hand)
 i - a ring of wizardry (right hand)
Scrolls
 f - a scroll of vulnerability
Potions
 b - a potion of magic
 d - a potion of mutation


   Skills:
 + Level 0.6 Fighting
 + Level 1.0 Armour
 + Level 2.5 Dodging
 - Level 2.0 Stealth
 * Level 0.9 Shields
 + Level 2.1 Spellcasting
 + Level 1.9 Conjurations
 * Level 3.9 Fire Magic


You couldn't memorise any spells.
You knew the following spells:

 Your Spells              Type           Power      Damage    Failure   Level
a - Foxfire               Conj/Fire      44%        2x1d6     2%          1
b - Scorch                Fire           30%        2d7       2%          2
c - Conjure Flame         Conj/Fire      11%        6-21      7%          3

Your spell library contained the following spells:

 Spells                   Type           Power      Damage    Failure   Level
 Inner Flame              Hex/Fire       8%         N/A       10%         3
 Flame Wave               Conj/Fire      11%        2d5       21%         4
 Summon Ice Beast         Ice/Summ       1%         N/A       52%         4
 Summon Mana Viper        Hex/Summ       1%         N/A       83%         5
 Monstrous Menagerie      Summ           0%         N/A       100%        7


Dungeon Overview and Level Annotations

Branches:
Dungeon (2/15)

Altars:

Annotations:
D:2 Robin


Innate Abilities, Weirdness & Mutations

You have a beak for a mouth.
You have claws for feet.
Your flesh is heat resistant. (rF+)
You sometimes lose the ability to read scrolls when taking damage.


Message History

Your peck misses the goblin.
A rat comes into view.
The goblin barely misses you. You block the hobgoblin's attack.
You barely miss the goblin. Your peck misses the goblin.
You block the hobgoblin's attack. The goblin hits you with a +0 dagger.
The hobgoblin closely misses you.
A goblin comes into view. It is wielding a +0 club.
As you read the scroll labelled YQURRI VADDAO, it crumbles to dust.
It is a scroll of enchant weapon.
Your +0 short sword glows red for a moment.
A goblin comes into view. It is wielding a +0 club.
The hobgoblin barely misses you. The goblin barely misses you.
It was a potion of heal wounds.
You feel much better.
A goblin comes into view. It is wielding a +0 dagger.
The hobgoblin barely misses you. You block the goblin's attack.
The hobgoblin misses you. Robin hits you with a +0 whip.
It was a potion of mutation.
You feel extremely strange.
You lose the ability to read scrolls when threatened.
You feel resistant to heat. You block the goblin's attack.
The hobgoblin misses you. The hobgoblin hits you.
You feel threatened and lose the ability to read scrolls!
A goblin comes into view. It is wielding a +0 club.
Robin hits you but does no damage.
Okay, then.
The goblin shouts! x2
You hit the goblin.
The goblin is moderately wounded.
You can read scrolls again.
The goblin hits you with a +0 dagger. The hobgoblin hits you!
You feel threatened and lose the ability to read scrolls!
* * * LOW HITPOINT WARNING * * *
The hobgoblin hits you.
* * * LOW HITPOINT WARNING * * *
Robin closely misses you.
A goblin comes into view. It is wielding a +0 dagger.
You closely miss the goblin.
The goblin is moderately wounded.
The hobgoblin hits you.
You die...

#....###..... gg
#....# ##.... #g
#....# ##... #..
###....# ###. #g.
#...##>### ####
#g## #........#
#...
rgg###...##.###
#... #gg##......#
##.#
#@g#......######.#
##g#........##....
#......#....#...##
#.#....##.......#
...##.####.....#.##
####
#.###...#......
##.....#...##.#.
#..#####..###...
#..### #..# ##..


You could see Robin, 4 hobgoblins, 6 goblins and a rat.

Vanquished Creatures
  2 adders (D:2)
  A dart slug (D:1)
  3 bats (D:1)
  2 endoplasms
  3 goblins (D:1)
  2 hobgoblins (D:1)
  3 jackals (D:1)
  A ball python (D:1)
  3 frilled lizards
  3 rats
23 creatures vanquished.

Vanquished Creatures (others)
  66 foxfires
66 creatures vanquished.

Grand Total: 89 creatures vanquished

Notes
Turn   | Place    | Note
-------+----------+-------------------------------------------
     0 | D:1      | kae the Tengu Fire Elementalist began the quest for the
                  | Orb.
     0 | D:1      | Reached XP level 1. HP: 10/10 MP: 4/4
   197 | D:1      | Reached XP level 2. HP: 15/15 MP: 3/6
   602 | D:1      | Found a faded altar of an unknown god.
   941 | D:2      | Reached XP level 3. HP: 20/20 MP: 5/7
   944 | D:2      | Learned a level 2 spell: Scorch
   948 | D:2      | Learned a level 3 spell: Conjure Flame
  1120 | D:2      | Reached skill level 1 in Armour
  1490 | D:2      | Noticed Robin
  1499 | D:2      | Gained mutation: You sometimes lose the ability to read
                  | scrolls when taking damage. [potion of mutation]
  1499 | D:2      | Gained mutation: Your flesh is heat resistant. (rF+)
                  | [potion of mutation]
  1501 | D:2      | Slain by a hobgoblin

Illustrated notes

Levels and vault maps discovered:
D:1:      psy_arrival_dodecagon, layout_basic, basic_ecumenical_altar,
          minmay_misc_feat_secret_circle
D:2:      layout_rooms, lightli_corner_chamber, uniq_robin

Skill      XL: |  1  2  3 |
---------------+----------+-----
Armour         | 1 |  1.0
Fighting       | |  0.6
Dodging        | |  2.5
Stealth        | |  2.0
Shields        | |  0.9
Spellcasting   | |  2.1
Conjurations   | |  1.9
Fire Magic     | |  3.9

Action                   || total
-------------------------++-------
Melee: Kick              ||     3
       Unarmed           ||     1
       Short sword       ||    10
 Cast: Foxfire           ||    43
  Use: Scroll            ||     2
       Potion            ||     2
 Stab: Sleeping          ||     1
Armor: Robe              ||     9
Dodge: Dodged            ||    25
Block: Buckler           ||     7

Table legend: (Time is in decaauts)
 A = Elapsed time spent in this place.
 B = Non-inter-level travel time spent in this place.
 C = Inter-level travel time spent in this place.
 D = Time resting spent in this place.
 E = Time spent auto-exploring this place.
 F = Levels seen in this place.
 G = Mean time per level.
                   A        B        C        D        E       F      G
               +--------+--------+--------+--------+--------+-----+--------+
         Total |   1500 |   1469 |     31 |      0 |   1279 |   2 |  750.0 |
       Dungeon |   1500 |   1469 |     31 |      0 |   1279 |   2 |  750.0 |
               +--------+--------+--------+--------+--------+-----+--------+

Top non-repeatable levels by time:
     D:1: 937 daAuts
     D:2: 562 daAuts
